[ AOE2 MATCH · #507039375 ]
UnrankedMagyars vs Armenians
Player's team · WIN
Rival team · LOSS
[ REPLAY ANALYSIS · EXTRACTED FROM THE RECORDED GAME ]
Feudal
8:28
Castle
—
Imperial
—
| APM avg | 82.7 |
| APM peak | 108 |
| eAPM avg | 42.7 |
| Villagers / military | 37 / 15 |
Focus
⚔️ 63.3% · 🌾 36.7%
Scout Cavalry ×11 · Skirmisher ×3 · Spearman ×1
Feudal
8:50
Castle
—
Imperial
—
| APM avg | 69.0 |
| APM peak | 117 |
| eAPM avg | 25.2 |
| Villagers / military | 44 / 15 |
Focus
⚔️ 37.2% · 🌾 62.8%
Spearman ×6 · Archer ×5 · Militia ×4
Match map
Initial resources + every placement click. Lines = walls · curves = elevation contours. ◆ gold · ⬟ stone · ● berries · ✦ relic · ◌ wall gap
Your base· Open — unwalled flank
OS+ | R4v3N_'s base· Open — unwalled flank
Smoothed initial terrain · ◌ = detected wall gap · hover for details
Inputs per minute
— TAG_Sitaux - - OS+ | R4v3N_
Build order — TAG_Sitaux
116 actions detected in the replay
| 0:01 | Create | Villager (Male) |
| 0:01 | Create | Villager (Male) |
| 0:02 | Build | House |
| 0:02 | Build | House |
| 0:05 | Create | Villager (Male) |
| 0:05 | Create | Villager (Male) |
| 1:24 | Create | Villager (Male) |
| 1:46 | Build | Lumber Camp |
| 1:56 | Create | Villager (Male) |
| 1:56 | Create | Villager (Male) |
| 2:22 | Create | Villager (Male) |
| 2:39 | Create | Villager (Male) |
| 3:08 | Create | Villager (Male) |
| 3:42 | Create | Villager (Male) |
| 3:48 | Build | House |
| 4:03 | Create | Villager (Male) |
| 4:31 | Create | Villager (Male) |
| 4:32 | Build | Mill |
| 4:48 | Create | Villager (Male) |
| 5:14 | Create | Villager (Male) |
| 5:48 | Create | Villager (Male) |
| 6:18 | Research | Feudal Age |
| 6:18 | Research | Feudal Age |
| 6:45 | Build | House |
| 6:46 | Build | Palisade Wall |
| 7:02 | Research | Loom |
| 7:02 | Research | Loom |
| 7:35 | Build | Barracks |
| 8:28 | Age | Feudal Age |
| 8:29 | Build | Stable |
| 8:40 | Research | Double-Bit Axe |
| 8:41 | Create | Villager (Male) |
| 9:09 | Create | Spearman |
| 9:11 | Build | Palisade Wall |
| 9:12 | Create | Scout Cavalry |
| 9:16 | Create | Villager (Male) |
| 9:22 | Create | Scout Cavalry |
| 9:34 | Build | Palisade Wall |
| 9:35 | Build | Palisade Wall |
| 9:40 | Build | Palisade Wall |
| 9:42 | Build | Palisade Wall |
| 9:47 | Create | Villager (Male) |
| 9:48 | Build | Farm |
| 9:49 | Build | Farm |
| 10:12 | Create | Villager (Male) |
| 10:17 | Build | Palisade Wall |
| 10:19 | Build | Palisade Wall |
| 10:22 | Create | Villager (Male) |
| 10:29 | Build | Farm |
| 10:39 | Create | Villager (Male) |
| 10:40 | Build | House |
| 10:54 | Build | Farm |
| 11:06 | Build | Farm |
| 11:15 | Build | Farm |
| 11:19 | Create | Scout Cavalry |
| 11:28 | Build | House |
| 11:33 | Build | Farm |
| 11:48 | Build | Watch Tower |
| 11:50 | Create | Scout Cavalry |
| 12:03 | Create | Villager (Male) |
| 12:14 | Build | House |
| 12:16 | Build | Farm |
| 12:35 | Create | Villager (Male) |
| 12:37 | Build | Farm |
| 12:53 | Build | Farm |
| 13:12 | Create | Villager (Male) |
| 13:23 | Build | House |
| 13:25 | Create | Scout Cavalry |
| 13:28 | Build | Farm |
| 13:31 | Build | Palisade Wall |
| 13:32 | Build | Palisade Wall |
| 13:33 | Build | Palisade Wall |
| 13:36 | Create | Villager (Male) |
| 13:44 | Build | Farm |
| 13:58 | Create | Villager (Male) |
| 14:18 | Build | Lumber Camp |
| 14:21 | Create | Scout Cavalry |
| 14:32 | Create | Villager (Male) |
| 14:35 | Build | House |
| 14:37 | Build | Palisade Wall |
| 14:49 | Create | Villager (Male) |
| 14:53 | Create | Villager (Male) |
| 15:06 | Build | Farm |
| 15:08 | Research | Horse Collar |
| 15:08 | Research | Horse Collar |
| 15:17 | Create | Villager (Male) |
| 15:26 | Create | Villager (Male) |
| 15:30 | Build | Farm |
| 15:35 | Build | Palisade Wall |
| 15:43 | Create | Scout Cavalry |
| 16:02 | Create | Villager (Male) |
| 16:07 | Build | Archery Range |
| 16:17 | Build | Outpost |
| 16:19 | Create | Scout Cavalry |
| 16:26 | Build | Farm |
| 16:33 | Research | Town Watch |
| 16:41 | Build | House |
| 17:03 | Create | Skirmisher |
| 17:05 | Create | Villager (Male) |
| 17:08 | Build | Mining Camp |
| 17:10 | Create | Skirmisher |
| 17:12 | Create | Scout Cavalry |
| 17:21 | Create | Villager (Male) |
| 17:26 | Create | Scout Cavalry |
| 17:34 | Create | Skirmisher |
| 17:41 | Create | Villager (Male) |
| 17:53 | Create | Scout Cavalry |
| 18:06 | Build | Farm |
| 18:09 | Build | Farm |
| 18:13 | Build | Farm |
| 18:18 | Build | Farm |
| 18:22 | Research | Wheelbarrow |
| 18:37 | Build | Palisade Wall |
| 18:38 | Build | Palisade Wall |
| 18:41 | Build | Palisade Wall |
| 19:19 | Create | Villager (Male) |
Build order — OS+ | R4v3N_
109 actions detected in the replay
| 0:00 | Create | Villager (Male) |
| 0:01 | Create | Villager (Male) |
| 0:01 | Create | Villager (Male) |
| 0:02 | Build | House |
| 0:04 | Build | House |
| 0:13 | Create | Villager (Male) |
| 0:13 | Create | Villager (Male) |
| 1:31 | Create | Villager (Male) |
| 1:32 | Create | Villager (Male) |
| 1:55 | Build | Mule Cart |
| 1:57 | Create | Villager (Male) |
| 2:21 | Create | Villager (Male) |
| 2:38 | Create | Villager (Male) |
| 2:38 | Create | Villager (Male) |
| 3:08 | Create | Villager (Male) |
| 3:09 | Create | Villager (Male) |
| 3:24 | Create | Villager (Male) |
| 3:43 | Create | Villager (Male) |
| 3:44 | Create | Villager (Male) |
| 3:48 | Build | House |
| 4:26 | Create | Villager (Male) |
| 4:27 | Create | Villager (Male) |
| 5:06 | Create | Villager (Male) |
| 5:07 | Build | Barracks |
| 5:26 | Create | Villager (Male) |
| 5:31 | Build | House |
| 5:48 | Research | Loom |
| 6:37 | Research | Feudal Age |
| 6:52 | Build | Mule Cart |
| 6:57 | Create | Militia |
| 6:57 | Create | Militia |
| 7:06 | Build | House |
| 7:17 | Create | Militia |
| 7:40 | Create | Spearman |
| 8:00 | Create | Militia |
| 8:27 | Create | Villager (Male) |
| 8:29 | Build | House |
| 8:50 | Age | Feudal Age |
| 8:59 | Build | Archery Range |
| 9:14 | Research | Double-Bit Axe |
| 9:15 | Create | Villager (Male) |
| 9:15 | Create | Villager (Male) |
| 9:48 | Research | Man-at-Arms (upgrade) |
| 9:48 | Research | Man-at-Arms (upgrade) |
| 10:29 | Create | Archer |
| 10:34 | Build | Mill |
| 10:38 | Build | House |
| 10:45 | Create | Archer |
| 10:46 | Create | Villager (Male) |
| 11:11 | Create | Villager (Male) |
| 11:22 | Create | Spearman |
| 11:22 | Create | Spearman |
| 12:03 | Create | Archer |
| 12:11 | Create | Villager (Male) |
| 12:12 | Create | Villager (Male) |
| 12:18 | Build | Watch Tower |
| 12:20 | Build | Palisade Wall |
| 12:21 | Build | Palisade Wall |
| 12:21 | Build | Palisade Wall |
| 12:32 | Build | Farm |
| 12:33 | Build | Farm |
| 12:40 | Build | Palisade Wall |
| 12:41 | Build | Palisade Wall |
| 12:51 | Create | Villager (Male) |
| 13:11 | Create | Villager (Male) |
| 13:15 | Build | Farm |
| 13:18 | Create | Archer |
| 13:18 | Create | Archer |
| 13:28 | Build | Farm |
| 13:31 | Build | Farm |
| 13:32 | Build | Farm |
| 13:40 | Create | Villager (Male) |
| 13:55 | Create | Villager (Male) |
| 13:55 | Create | Villager (Male) |
| 13:57 | Build | Farm |
| 14:01 | Build | Farm |
| 14:24 | Create | Spearman |
| 14:30 | Create | Villager (Male) |
| 14:30 | Create | Villager (Male) |
| 14:46 | Create | Spearman |
| 14:46 | Create | Spearman |
| 14:58 | Build | Palisade Wall |
| 15:04 | Create | Villager (Male) |
| 15:04 | Create | Villager (Male) |
| 15:15 | Build | Palisade Wall |
| 15:16 | Build | Palisade Wall |
| 15:23 | Build | Palisade Wall |
| 15:24 | Build | Palisade Wall |
| 15:27 | Create | Villager (Male) |
| 15:53 | Build | Blacksmith |
| 15:54 | Create | Villager (Male) |
| 16:09 | Create | Villager (Male) |
| 16:09 | Create | Villager (Male) |
| 16:27 | Build | Palisade Wall |
| 16:34 | Build | Palisade Wall |
| 16:36 | Build | Palisade Wall |
| 16:40 | Build | Palisade Wall |
| 16:42 | Build | Palisade Wall |
| 16:56 | Create | Villager (Male) |
| 17:09 | Build | Farm |
| 17:10 | Create | Villager (Male) |
| 17:49 | Build | Market |
| 18:00 | Create | Villager (Male) |
| 18:11 | Build | Palisade Wall |
| 18:26 | Build | Farm |
| 18:27 | Build | Farm |
| 18:36 | Create | Villager (Male) |
| 18:46 | Build | Farm |
| 19:11 | Build | Stone Wall |
Match timeline
| 5:07 | OS+ | R4v3N_ · first_building Barracks |
| 6:46 | TAG_Sitaux · wall_segment Palisade Wall x2 |
| 7:35 | TAG_Sitaux · first_building Barracks |
| 8:28 | TAG_Sitaux · age_up feudal |
| 8:29 | TAG_Sitaux · first_building Stable |
| 8:50 | OS+ | R4v3N_ · age_up feudal |
| 8:59 | OS+ | R4v3N_ · first_building Archery Range |
| 9:11 | TAG_Sitaux · wall_segment Palisade Wall x5 |
| 9:34 | TAG_Sitaux · wall_segment Palisade Wall x3 |
| 9:35 | TAG_Sitaux · wall_segment Palisade Wall x3 |
| 9:40 | TAG_Sitaux · wall_segment Palisade Wall x7 |
| 9:42 | TAG_Sitaux · wall_segment Palisade Wall x4 |
| 10:17 | TAG_Sitaux · wall_segment Palisade Wall x3 |
| 10:19 | TAG_Sitaux · wall_segment Palisade Wall x3 |
| 12:20 | OS+ | R4v3N_ · wall_segment Palisade Wall x1 |
| 12:21 | OS+ | R4v3N_ · wall_segment Palisade Wall x1 |
| 12:21 | OS+ | R4v3N_ · wall_segment Palisade Wall x1 |
| 12:40 | OS+ | R4v3N_ · wall_segment Palisade Wall x1 |
| 12:41 | OS+ | R4v3N_ · wall_segment Palisade Wall x1 |
| 13:31 | TAG_Sitaux · wall_segment Palisade Wall x1 |
| 13:32 | TAG_Sitaux · wall_segment Palisade Wall x1 |
| 13:33 | TAG_Sitaux · wall_segment Palisade Wall x1 |
| 14:37 | TAG_Sitaux · wall_segment Palisade Wall x9 |
| 14:58 | OS+ | R4v3N_ · wall_segment Palisade Wall x5 |
| 15:15 | OS+ | R4v3N_ · wall_segment Palisade Wall x1 |
| 15:16 | OS+ | R4v3N_ · wall_segment Palisade Wall x1 |
| 15:23 | OS+ | R4v3N_ · wall_segment Palisade Wall x1 |
| 15:24 | OS+ | R4v3N_ · wall_segment Palisade Wall x1 |
| 15:35 | TAG_Sitaux · wall_segment Palisade Wall x6 |
| 16:07 | TAG_Sitaux · first_building Archery Range |
| 16:27 | OS+ | R4v3N_ · wall_segment Palisade Wall x3 |
| 16:34 | OS+ | R4v3N_ · wall_segment Palisade Wall x7 |
| 16:36 | OS+ | R4v3N_ · wall_segment Palisade Wall x7 |
| 16:40 | OS+ | R4v3N_ · wall_segment Palisade Wall x8 |
| 16:42 | OS+ | R4v3N_ · wall_segment Palisade Wall x4 |
| 18:11 | OS+ | R4v3N_ · wall_segment Palisade Wall x4 |
| 18:35 | OS+ | R4v3N_ · first_market_sell 500 stone |
| 18:35 | OS+ | R4v3N_ · first_market_buy 100 food |
| 18:37 | TAG_Sitaux · wall_segment Palisade Wall x4 |
| 18:38 | TAG_Sitaux · wall_segment Palisade Wall x2 |
| 18:41 | TAG_Sitaux · wall_segment Palisade Wall x5 |
| 19:11 | OS+ | R4v3N_ · wall_segment Stone Wall x3 |
| 19:20 | OS+ | R4v3N_ · resign |
[ AI ANALYSIS · 1 CREDIT ]
What really happened in this match?
Wolo.gg analyzes every decision: build order, eco, micro, common mistakes by bracket. Personalized analysis on WhatsApp or Discord in 30 seconds.
Civ guide
Magyars
Perfil
Jugador #212721